 Dungeon Crawl Stone Soup version 0.29.1-1-gd02db6906a (webtiles) character file.

Game seed: 10283290981758056721

2112 unlimited1921 the Thaumaturge (level 9, -1/55 HPs)
             Began as a Djinni Fire Elementalist on Sept 21, 2022.
             Was an Initiate of Qazlal.
             Slain by a bullfrog zombie (2 damage)
             ... in an ossuary.
             The game lasted 00:40:34 (12495 turns).

unlimited1921 the Thaumaturge (DjFE)               Turns: 12495, Time: 00:40:37

Health: -1/55      AC:  4    Str:  7    XL:     9   Next: 53%
Gold:   314        EV: 12    Int: 21    God:    Qazlal [......] SH:  0 Dex: 14

rFire   + + +      SeeInvis .   s - +2 flail (venom)
rCold   x . .      Faith    .   (no shield)
rNeg    . . .      Spirit   .   l - +0 leather armour
rPois   ∞          Reflect  .   (no helmet)
rElec   .          Harm     .   (no cloak)
rCorr   .          Rampage  .   n - +0 pair of gloves
Will    .....                   (boots unavailable)
Stlth   ++........              (no amulet)
HPRegen 0.18/turn               j - ring of protection from fire
MPRegen 0.00/turn               (no ring)

@: flying
A: sickness immunity, fire resistance 2, cold vulnerability 1, float, innate
caster, HP casting, extra vitality 1
a: Renounce Religion


You were in an ossuary.
You worshipped Qazlal.
Qazlal was noncommittal.
You visited 2 branches of the dungeon, and saw 7 of its levels.
You also visited: Ossuary.

You collected 340 gold pieces.
You spent 26 gold pieces at shops.

Inventory:

Hand Weapons
 f - a +0 spear
 s - a +2 flail of venom (weapon)
Missiles
 r - 3 throwing nets
 v - 16 poisoned darts
 y - 39 stones
 C - 3 boomerangs of dispersal
Armour
 a - a +0 robe
 c - a +0 ring mail
 e - a +0 buckler
 l - a +0 leather armour (worn)
 n - a +0 pair of gloves (worn)
Jewellery
 j - a ring of protection from fire (left hand)
 z - an amulet of the acrobat
Wands
 E - a wand of charming (11)
Scrolls
 b - a scroll of enchant armour
 g - a scroll of noise {unknown}
 i - a scroll of magic mapping
 k - 2 scrolls of fear {unknown}
 o - a scroll of butterflies {unknown}
 t - 3 scrolls of poison {unknown}
 u - 2 scrolls of teleportation
 B - 2 scrolls of amnesia {unknown}
 D - a scroll of torment {unknown}
Potions
 d - 5 potions of attraction {unknown}
 h - a potion of ambrosia
 m - 3 potions of curing {unknown}
 p - a potion of flight {unknown}
 q - a potion of might {unknown}
 w - a potion of brilliance {unknown}
 x - a potion of magic {unknown}
 A - 2 potions of lignification {unknown}


   Skills:
 + Level 4.2 Armour
 + Level 2.6 Dodging
 + Level 3.3 Stealth
 + Level 8.5 Spellcasting


You had 3 spell levels left.
You knew the following spells:

 Your Spells              Type           Power      Damage    Failure   Level
a - Foxfire               Conj/Fire      100%       2x1d9     1%          1
b - Scorch                Fire           88%        2d9       1%          2
c - Conjure Flame         Conj/Fire      44%        6-21      1%          3
d - Inner Flame           Hex/Fire       44%        N/A       1%          3
e - Flame Wave            Conj/Fire      44%        2d11      3%          4
f - Beastly Appendage     Tmut           88%        N/A       1%          1
g - Static Discharge      Conj/Air       44%        3-9/arc   1%          2
h - Stone Arrow           Conj/Erth      88%        3d12      1%          3
i - Call Canine Familiar  Summ           44%        N/A       1%          3
Your spell library was empty.

Dungeon Overview and Level Annotations

Branches:
Dungeon (6/15)             Temple (1/1) D:4         Ossuary (1/1)

Altars:
Ashenzari
Cheibriados
Elyvilon
Fedhas
Gozag
Makhleb
Nemelex Xobeh
Qazlal
Trog
Xom
The Shining One

Shops:
D:1 *


Innate Abilities, Weirdness & Mutations

You are immune to sickness and miasma.
You are immune to poison.
Your flesh is very heat resistant. (rF++)
You are vulnerable to cold. (rC-)
You float through the air rather than walking.
You learn spells naturally, not from books.
Your magical power is your life essence.
You have superior vitality. (+4 MHP)


Message History

You conjure some foxfire!
* * * LOW HITPOINT WARNING * * *
The foxfire hits the water moccasin zombie!
The water moccasin zombie is almost destroyed.
The foxfire hits the water moccasin zombie!
You destroy the water moccasin zombie!
Qazlal accepts your kill.
Okay, then.
You start resting.
Your foxfire dissipates! x2
You start resting.
A bullfrog zombie comes into view.
The bullfrog zombie moves out of view.
You start resting.
A bullfrog zombie is nearby!
Casting: Foxfire (safe; 1% risk of failure)
Confirm with . or Enter, or press ? or * to list all spells.
You conjure some foxfire!
* * * LOW HITPOINT WARNING * * *
A mummy comes into view.
Casting: Foxfire (safe; 1% risk of failure)
Confirm with . or Enter, or press ? or * to list all spells.
Aiming: Inner Flame (safe; 1% risk of failure)
Press: ? - help, Dir - move target, f - bullfrog zombie
Aim: a bullfrog zombie (ally target, chance to affect: 96%)
The bullfrog zombie is filled with an inner flame.
* * * LOW HITPOINT WARNING * * *
The foxfire hits the bullfrog zombie.
Flame seeps out of the bullfrog zombie.
The bullfrog zombie is lightly damaged.
The foxfire hits the bullfrog zombie.
Flame seeps out of the bullfrog zombie.
The bullfrog zombie is moderately damaged.
The bullfrog zombie is engulfed in blazing flames.
Flame seeps out of the bullfrog zombie.
Casting: Inner Flame (safe; 1% risk of failure)
Confirm with . or Enter, or press ? or * to list all spells.
* * * LOW HITPOINT WARNING * * *
The bullfrog zombie hits you.
* * * LOW HITPOINT WARNING * * *
The bullfrog zombie hits you.
You die...

.. Z~
###≈
~~M~≈≈
~#~~##
~..~≈
#####~~§#
#§..#.~.#
#@Z○~~#
#h..#M~.#
#####~≈##
~M.#
.##~≈ M~
~≈# #~ ≈#
≈ ≈


You could see a mummy, a bullfrog zombie (inner flame, ally target) and a
friendly wolf (summoned).

Vanquished Creatures
  A steam dragon (D:6)
  An ice beast (D:5)
  4 ogres
  2 centaurs (D:5)
  3 phantoms
  A kobold brigand (D:3)
  A water moccasin zombie (Ossuary)
  A killer bee (D:5)
  A howler monkey (D:3)
  2 centaur zombies (Ossuary)
  A gnoll bouda (D:3)
  A jelly (D:5)
  An orc priest (D:5)
  4 hounds (D:3)
  8 mummies (Ossuary)
  An iguana (D:5)
  2 orc wizards (D:5)
  2 killer bee zombies (Ossuary)
  4 adders
  18 gnolls (D:3)
  An ufetubus (D:5)
  A worm (D:5)
  5 dart slugs
  15 orcs
  6 ball pythons
  4 bats
  6 endoplasms
  2 giant cockroaches
  9 goblins
  8 hobgoblins
  19 jackals
  4 kobolds
  9 quokkas
  4 frilled lizards
  4 rats
156 creatures vanquished.

Vanquished Creatures (collateral kills)
  A bullfrog zombie (Ossuary)
  A foxfire (D:3)
2 creatures vanquished.

Vanquished Creatures (others)
  500 foxfires
  4 plants (D:3)
  2 withered plants (Ossuary)
506 creatures vanquished.

Grand Total: 664 creatures vanquished

Notes
Turn   | Place    | Note
-------+----------+-------------------------------------------
     0 | D:1      | unlimited1921 the Djinni Fire Elementalist began the quest
                  | for the Orb.
     0 | D:1      | unlimited1921 set off with the following spells memorised:
                  | Foxfire, Scorch, Conjure Flame, Inner Flame, Flame Wave.
     0 | D:1      | Reached XP level 1. HP: 15/15 MP: 0/0
   732 | D:1      | Reached XP level 2. HP: 19/21 MP: 0/0
  1504 | D:1      | Reached skill level 3 in Spellcasting
  1504 | D:1      | Reached XP level 3. HP: 20/25 MP: 0/0
  1504 | D:1      | Learned a level 1 spell: Beastly Appendage
  1717 | D:1      | Found a faded altar of an unknown god.
  2553 | D:1      | Found Icourhaj's General Store.
  2578 | D:1      | Bought a scroll of identify for 26 gold pieces
  2725 | D:2      | Reached XP level 4. HP: 24/31 MP: 0/0
  4197 | D:2      | Found a snail-covered altar of Cheibriados.
  5392 | D:3      | Reached XP level 5. HP: 31/35 MP: 0/0
  5392 | D:3      | Learned a level 2 spell: Static Discharge
  5472 | D:3      | Reached skill level 4 in Spellcasting
  6126 | D:3      | Reached skill level 1 in Armour
  6126 | D:3      | Reached XP level 6. HP: 38/40 MP: 0/0
  6549 | D:3      | Reached XP level 7. HP: 35/45 MP: 0/0
  6549 | D:3      | Learned a level 3 spell: Stone Arrow
  6614 | D:3      | Reached skill level 5 in Spellcasting
  8971 | D:4      | Found a staircase to the Ecumenical Temple.
  8980 | Temple   | Entered the Ecumenical Temple
  9156 | Temple   | Became a worshipper of Qazlal Stormbringer
  9235 | D:5      | Entered Level 5 of the Dungeon
  9248 | D:5      | Reached XP level 8. HP: 36/50 MP: 0/0
  9354 | D:5      | Reached skill level 6 in Spellcasting
 10850 | D:5      | Reached skill level 7 in Spellcasting
 10920 | D:5      | Found an opulent altar of Gozag.
 11286 | D:5      | Reached XP level 9. HP: 45/55 MP: 0/0
 11286 | D:5      | Learned a level 3 spell: Call Canine Familiar
 12431 | D:6      | Found a sand-covered staircase.
 12435 | Ossuary  | Entered an ossuary
 12446 | Ossuary  | Reached skill level 8 in Spellcasting
 12495 | Ossuary  | HP: 1/55 [bullfrog zombie (6)]
 12495 | Ossuary  | Slain by a bullfrog zombie

Illustrated notes

Levels and vault maps discovered:
D:1:      dpeg_arrival_rooms_with_view, layout_loops_cross, serial_shops,
          nicolae_shop_waterfront, hellmonk_ecumenical_altar_slurped_away,
          minmay_quantized
D:2:      layout_loops_ring, basic_altar, grunt_ministairs_13, fountainhead,
          st_stairs_13, minivault_19, minmay_puff
D:3:      lemuel_castle_with_subvaults [lemuel_castle_interior_carwin_2],
          layout_basic, kennysheep_cluttered_room, kennysheep_generic_room_12
D:4:      layout_gridville, minmay_temple_entry_statues_fountains
D:5:      layout_basic, mainiacjoe_overflow_six_doors_small,
          minmay_manual_macuahuitl
D:6:      layout_basic, enter_ossuary_5, dk_noncrumbling_4,
          doesnt_shop_hydraphobe
Temple:   nicolae_temple_bog_church
Ossuary:  ossuary_zaba_flooded

Skill      XL: |  1  2  3  4  5  6  7  8  9 |
---------------+----------------------------+-----
Spellcasting   | 3 4 5 7 8 |  8.5
Stealth        | 2 3 |  3.3
Armour         | 1 2 3 4 |  4.2
Dodging        | |  2.6

Action                   |  1- 3 |  4- 6 |  7- 9 || total
-------------------------+-------+-------+-------++-------
Melee: Spear             |       |       |     2 ||     2
 Cast: Foxfire           |    53 |   131 |   120 ||   304
       Scorch            |    12 |    17 |    33 ||    62
       Inner Flame       |       |     4 |    23 ||    27
       Conjure Flame     |       |     2 |       ||     2
       Stone Arrow       |       |       |     2 ||     2
       Call Canine Famil |       |       |     4 ||     4
  Use: Scroll            |     1 |     1 |     3 ||     5
Armor: Robe              |     1 |       |       ||     1
       Leather armour    |       |     3 |     3 ||     6
Dodge: Dodged            |     4 |    14 |     9 ||    27
